 Dungeon Crawl Stone Soup version 0.29-a0-286-g41199d4a87 (webtiles) character file.

Game seed: 8881060310634430215

14856 Aksej the Basher (level 11, -8/136 HPs)
             Began as a Demonspawn Gladiator on Mar 16, 2022.
             Was an Elder of Qazlal.
             Killed from afar by Azrael (12 damage)
             ... with a fireball
             ... on level 13 of the Dungeon.
             The game lasted 00:29:23 (14008 turns).

Aksej the Basher (Demonspawn Gladiator)            Turns: 14008, Time: 00:29:24

Health: -8/136     AC: 22    Str: 22    XL:     11   Next: 94%
Magic:  11/11      EV: 15    Int: 10    God:    Qazlal [****..]
Gold:   843        SH: 10    Dex: 15    Spells: 9/10 levels left

rFire   + . .      SeeInvis .   a - +1 flail (protect)
rCold   . . .      Faith    .   (no shield)
rNeg    . . .      Spirit   .   D - +3 leather armour {rF+}
rPois   +          Reflect  +   (helmet restricted)
rElec   .          Harm     .   n - +0 cloak
rCorr   .          Rampage  .   m - +0 pair of gloves
Will    .....                   k - +1 pair of boots "Ciyryij" {Str+4}
Stlth   ..........              w - amulet of reflection
HPRegen 0.32/turn               (no ring)
MPRegen 0.12/turn               (no ring)

@: berserking, under a protective aura, repel missiles, very quick
A: antennae 1, slimy green scales 3, icemail 1, powered by pain 1, condensation
shield
a: Renounce Religion, Upheaval, Elemental Force


You were on level 13 of the Dungeon.
You worshipped Qazlal.
Qazlal was greatly pleased with you.
You visited 2 branches of the dungeon, and saw 14 of its levels.

You collected 843 gold pieces.

Inventory:

Hand Weapons
 a - a +1 flail of protection (weapon)
 b - a +0 hand axe of flaming
Missiles
 e - a javelin
 j - 13 boomerangs (quivered)
 s - 3 boomerangs of dispersal
Armour
 k - the +1 pair of boots "Ciyryij" (worn) {Str+4}
   (You found it on level 3 of the Dungeon)

   Str:       It affects your strength (+4).
 m - a +0 pair of gloves (worn)
 n - a +0 cloak (worn)
 D - a +3 leather armour of fire resistance (worn)
Jewellery
 c - a ring of ice
 w - an amulet of reflection (around neck)
 x - a ring of ice
Wands
 g - a wand of paralysis (12)
 o - a wand of iceblast (15)
 v - a wand of flame (7)
 E - a wand of polymorph (4)
 F - a wand of mindburst (8)
Scrolls
 h - 2 scrolls of vulnerability
 l - a scroll of blinking
 u - 3 scrolls of fear
 y - a scroll of fog
 A - a scroll of identify
 C - 4 scrolls of teleportation
Potions
 d - 7 potions of curing
 f - a potion of attraction
 i - 3 potions of magic
 q - 3 potions of resistance
 r - a potion of invisibility
 t - a potion of brilliance
 z - 3 potions of flight


   Skills:
 * Level 10.2 Fighting
 + Level 11.0 Maces & Flails
 + Level 3.3 Throwing
 + Level 4.1 Armour
 + Level 7.2 Dodging
 - Level 3.1 Stealth
 + Level 6.6 Shields
 + Level 0.2 Evocations


You had 9 spell levels left.
You knew the following spells:

 Your Spells              Type           Power      Damage    Failure   Level
a - Animate Skeleton      Necr           0%         N/A       41%         1

Your spell library contained the following spells:

 Spells                   Type           Power      Damage    Failure   Level
 Apportation              Tloc           0%         N/A       41%         1
 Beastly Appendage        Tmut           0%         N/A       41%         1
 Slow                     Hex            0%         N/A       41%         1
 Summon Small Mammal      Summ           0%         N/A       41%         1
 Ensorcelled Hibernation  Hex/Ice        0%         N/A       54%         2
 Wereblood                Tmut           0%         N/A       54%         2
 Confusing Touch          Hex            0%         N/A       78%         3
 Frozen Ramparts          Ice            0%         1d2       78%         3
 Ozocubu's Armour         Ice            0%         N/A       78%         3
 Spider Form              Tmut/Pois      0%         N/A       78%         3
 Vampiric Draining        Necr           0%         2d6       78%         3
 Anguish                  Hex/Necr       0%         N/A       99%         4
 Ice Form                 Ice/Tmut       0%         N/A       99%         4
 Summon Ice Beast         Ice/Summ       0%         N/A       99%         4
 Metabolic Englaciation   Hex/Ice        0%         N/A       100%        5
 Simulacrum               Ice/Necr       0%         N/A       100%        6


Dungeon Overview and Level Annotations

Branches:
Dungeon (13/15)            Temple (1/1) D:4            Lair (0/6) D:11
    Orc (0/2) D:9
 Vaults: D:13-14

Altars:
Ashenzari
Cheibriados
Dithmenos
Elyvilon
Fedhas
Gozag
Hepliaklqana
Kikubaaqudgha
Makhleb
Nemelex Xobeh
Okawaru
Qazlal
Ru
Sif Muna
Trog
Uskayaw
Vehumet
Wu Jian
Xom
Yredelemnul
Zin
The Shining One
Beogh

Portals:
Trove: D:12 (give +6 demon trident)

Annotations:
D:4 Duvessa
D:13 Azrael


Innate Abilities, Weirdness & Mutations

You have a pair of small antennae on your head.
You are completely covered in slimy green scales. (AC +4, rPois)
A meltable icy envelope protects you from harm. (AC +0)
You sometimes gain a little power by taking damage.
A meltable shield of frost defends you. (SH +0)


Message History

You block the fire elemental's attack.
The hell hound bites you but does no damage.
The hell hound breathes flames at you. The blast of flame hits you! You resist.
The fire elemental hits you. The fire elemental burns you! You resist.
Azrael hits you with a +2 scimitar of flaming!
* * * LOW HITPOINT WARNING * * *
Azrael burns you.
* * * LOW HITPOINT WARNING * * *
The fire elemental hits you. The fire elemental burns you! You resist.
* * * LOW HITPOINT WARNING * * *
You hit Azrael.
Azrael is moderately wounded.
You block the fire elemental's attack. The hell hound breathes flames at you.
The blast of flame hits you. You resist.
* * * LOW HITPOINT WARNING * * *
The blast of flame hits the fire elemental.
The fire elemental completely resists.
The hell hound misses you.
Azrael sizzles in the rain.
You block Azrael's attack. The fire elemental misses you.
The fire elemental barely misses you.
You thump Azrael!
Azrael is moderately wounded.
The fire elemental completely misses you.
The hell hound barely misses you. You block the hell hound's attack.
Azrael sizzles in the rain.
Azrael gestures at you. The bolt of fire hits you!! You resist.
* * * LOW HITPOINT WARNING * * *
The bolt of fire hits the fire elemental.
The fire elemental completely resists.
The fire elemental closely misses you. The fire elemental hits you.
The fire elemental burns you! You resist.
* * * LOW HITPOINT WARNING * * *
You sock Azrael!
Azrael is heavily wounded.
The hell hound barely misses you. You block the hell hound's attack.
The fire elemental misses you.
Azrael sizzles in the rain.
Azrael gestures at you.
The fireball explodes!
The fireball engulfs you! You resist.
You die...

......... ......../..
.........
.........####........
#........#..#........
#....... #..#####+#.#
#......###....)...'.#
#.§..§.#..........#.#
####..Ehh.#..........#.#
......R@E.#..........#.#
......E..§#..........#.#
...<..°...############..
#########...............
#...............
#...............
#########.......
#....... ########


You could see Azrael (fast, burning), 3 fire elementals and 2 hell hounds.

Vanquished Creatures
  Erolcha (D:11)
  2 two-headed ogres (D:11)
  A centaur warrior (D:13)
  A deep elf pyromancer (D:12)
  Pikel (D:6)
  A manticore (D:12)
  2 cyclopes
  2 gargoyles (D:12)
  An unseen horror (D:11)
  A kobold demonologist (D:11)
  A troll (D:12)
  A shadow (D:12)
  12 yaks
  A fire elemental (D:13)
  A vampire (D:12)
  A wyvern (D:9)
  A wraith (D:12)
  7 vampire mosquitoes (D:12)
  2 steam dragons
  A warg (D:9)
  An acid dragon (D:11)
  2 water moccasins (D:6)
  2 hell hounds (D:13)
  2 sky beasts
  An ice beast (D:8)
  6 orc warriors
  4 black bears
  4 ogres
  4 centaurs
  14 kobold brigands
  2 bullfrogs
  Blork the orc (D:4)
  4 scorpions
  9 killer bees
  7 howler monkeys
  3 hounds
  2 gnoll shamans
  13 orc priests
  A jelly (D:5)
  4 iguanas (D:5)
  Jessica (D:2)
  7 orc wizards
  Terence (D:2)
  9 gnolls
  10 adders
  A shadow imp (D:7)
  2 white imps
  6 dart slugs
  63 orcs
  6 endoplasms
  5 giant cockroaches
  4 goblins (D:2)
  8 hobgoblins
  2 jackals (D:1)
  12 kobolds
  2 quokkas
  4 ball pythons
  6 bats
  6 frilled lizards
  2 rats
284 creatures vanquished.

Notes
Turn   | Place    | Note
-------+----------+-------------------------------------------
     0 | D:1      | Aksej the Demonspawn Gladiator began the quest for the Orb.
     0 | D:1      | Reached XP level 1. HP: 16/16 MP: 1/1
   251 | D:1      | Found a faded altar of an unknown god.
   576 | D:1      | Gained mutation: You sometimes gain a little power by
                  | taking damage. [demonic ancestry]
   576 | D:1      | Reached XP level 2. HP: 22/22 MP: 2/2
   806 | D:1      | Reached skill level 3 in Maces & Flails
  1240 | D:2      | Reached XP level 3. HP: 19/28 MP: 3/3
  1446 | D:2      | Noticed Terence
  1459 | D:2      | HP: 1/42 [Terence/+0 flail (4)]
  1466 | D:2      | Killed Terence
  1489 | D:2      | Gained mutation: You are partially covered in slimy green
                  | scales. (AC +2) [demonic ancestry]
  1489 | D:2      | Reached XP level 4. HP: 7/34 MP: 4/4
  1749 | D:2      | Noticed Jessica
  1761 | D:2      | Killed Jessica
  1989 | D:2      | Reached skill level 1 in Armour
  2433 | D:3      | Reached skill level 1 in Stealth
  2460 | D:3      | Gained mutation: You are mostly covered in slimy green
                  | scales. (AC +3) [demonic ancestry]
  2460 | D:3      | Reached XP level 5. HP: 29/40 MP: 5/5
  2608 | D:3      | You fall into a shaft and drop 2 floors!
  2608 | D:5      | Entered Level 5 of the Dungeon
  3008 | D:3      | Identified the +1 pair of boots "Ciyryij" {Str+4}
  3279 | D:4      | Reached skill level 4 in Maces & Flails
  3283 | D:4      | Noticed a black bear
  3285 | D:4      | Noticed a black bear
  3287 | D:4      | Found a bloodstained altar of Trog.
  3304 | D:4      | Killed a black bear
  3305 | D:4      | Gained mutation: A meltable shield of frost defends you.
                  | (SH +0) [demonic ancestry]
  3305 | D:4      | Reached XP level 6. HP: 29/47 MP: 6/6
  3781 | D:4      | Noticed Duvessa
  3982 | D:4      | Gained mutation: You have a pair of small antennae on your
                  | head. [demonic ancestry]
  3982 | D:4      | Reached XP level 7. HP: 47/54 MP: 7/7
  4068 | D:4      | Reached skill level 5 in Maces & Flails
  4204 | D:4      | Noticed Blork the orc
  4218 | D:4      | Killed Blork the orc
  4219 | D:4      | Reached skill level 1 in Shields
  4662 | D:5      | Reached XP level 8. HP: 61/61 MP: 8/8
  4953 | D:5      | Reached skill level 6 in Maces & Flails
  5007 | D:5      | Reached skill level 5 in Fighting
  5613 | D:6      | Noticed Pikel
  5842 | D:4      | Found a staircase to the Ecumenical Temple.
  5853 | Temple   | Entered the Ecumenical Temple
  5926 | Temple   | Became a worshipper of Qazlal Stormbringer
  6680 | D:6      | Killed Pikel
  6681 | D:6      | Reached skill level 7 in Maces & Flails
  6681 | D:6      | Gained mutation: You are completely covered in slimy green
                  | scales. (AC +4, rPois) [demonic ancestry]
  6681 | D:6      | Reached XP level 9. HP: 7/69 MP: 9/9
  7169 | D:6      | Found an ornate altar of the Wu Jian Council.
  7356 | D:7      | Learned a level 1 spell: Animate Skeleton
  7521 | D:7      | Reached skill level 5 in Dodging
  7536 | D:7      | Reached * piety under Qazlal
  7548 | D:7      | Reached skill level 8 in Maces & Flails
  8455 | D:8      | Found a burning altar of Makhleb.
  9116 | D:8      | Gained mutation: A meltable icy envelope protects you from
                  | harm. (AC +0) [demonic ancestry]
  9116 | D:8      | Reached XP level 10. HP: 79/79 MP: 10/10
  9354 | D:8      | Found a hazy altar of Hepliaklqana.
  9680 | D:8      | Reached skill level 9 in Maces & Flails
  9816 | D:9      | Reached ** piety under Qazlal
 10269 | D:9      | Found a staircase to the Orcish Mines.
 10989 | D:10     | Entered Level 10 of the Dungeon
 11082 | D:10     | Reached *** piety under Qazlal
 11578 | D:10     | Found a basalt altar of Yredelemnul.
 11958 | D:11     | Noticed a two-headed ogre
 11958 | D:11     | Noticed a cyclops
 12047 | D:11     | Noticed Erolcha
 12055 | D:11     | Killed Erolcha
 12056 | D:11     | Reached skill level 10 in Maces & Flails
 12056 | D:11     | Reached skill level 5 in Shields
 12093 | D:11     | Killed a two-headed ogre
 12094 | D:11     | Reached XP level 11. HP: 38/87 MP: 11/11
 12118 | D:11     | Noticed a two-headed ogre
 12132 | D:11     | Killed a two-headed ogre
 12546 | D:11     | Found a staircase to the Lair.
 12696 | D:12     | Noticed a deep elf pyromancer
 12707 | D:12     | Killed a deep elf pyromancer
 12838 | D:12     | Reached **** piety under Qazlal
 12980 | D:12     | Reached skill level 10 in Fighting
 13407 | D:12     | Found a portal to a secret trove of treasure.
 13881 | D:13     | Noticed a centaur warrior
 13887 | D:13     | Killed a centaur warrior
 13888 | D:13     | Reached skill level 11 in Maces & Flails
 13990 | D:13     | Noticed Azrael
 14007 | D:13     | HP: 4/136 [fire elemental[Azrael] (4)]
 14008 | D:13     | Killed from afar by Azrael

Illustrated notes

Levels and vault maps discovered:
D:1:      lemuel_arrival_muddy, layout_basic, nicolae_ecumenical_lake_church
D:2:      layout_basic, uniq_terence, uniq_jessica
D:3:      layout_rooms
D:4:      layout_basic, trog_ov_bears_minmay, minmay_temple_entry_offerings,
          uniq_blork_the_orc, uniq_duvessa
D:5:      layout_basic
D:6:      layout_rooms, pdpol_wu_jian_five_deadly_venoms,
          minmay_misc_feat_doors, uniq_pikel
D:7:      layout_basic, mainiacjoe_overflow_small_starburst
D:8:      layout_loops_corners, worldfamousw_hep_ancestral_shrine,
          bloody_makhleb
D:9:      layout_roguey [special_room_orc], david_orc_3,
          minmay_misc_feat_secret_circle
D:10:     layout_cross, mainiacjoe_overflow_24_doors, chequers_mini_garden
D:11:     layout_rooms, lair_entry_dummy, special_room [special_room_kobold],
          uniq_erolcha
D:12:     layout_grid_maze, enter_trove_3
D:13:     layout_irregular_city, uniq_azrael
Temple:   compressed_dpeg_circular_temple

Skill      XL: |  1  2  3  4  5  6  7  8  9 10 11 |
---------------+----------------------------------+-----
Throwing       | 2 3 |  3.3
Maces & Flails | 3 4 5 7 8 10 11 | 11.0
Dodging        | 3 4 5 6 7 |  7.2
Armour         | 1 2 3 4 |  4.1
Stealth        | 1 3 |  3.1
Fighting       | 3 4 6 7 8 10 | 10.2
Shields        | 1 2 3 5 6 |  6.6
Evocations     | |  0.2

Action                   |  1- 3 |  4- 6 |  7- 9 | 10-12 || total
-------------------------+-------+-------+-------+-------++-------
Melee: Flail             |   109 |   185 |   414 |   577 ||  1285
       Punch             |       |       |     5 |     7 ||    12
Throw: Throwing net      |       |       |     4 |       ||     4
       Javelin           |       |       |     2 |       ||     2
       Boomerang         |       |       |     8 |    20 ||    28
 Cast: Animate Skeleton  |       |       |     1 |       ||     1
Evoke: Wand              |       |       |     1 |       ||     1
  Use: Scroll            |     3 |     3 |     6 |     7 ||    19
       Potion            |     5 |     2 |     1 |     5 ||    13
 Stab: Held in net/web   |       |       |     2 |       ||     2
       Paralysed         |       |       |     5 |       ||     5
       Sleeping          |       |       |     4 |       ||     4
       Distracted        |       |       |     1 |       ||     1
Armor: Leather armour    |    30 |    92 |   133 |   187 ||   442
       Skin              |     5 |       |       |       ||     5
Dodge: Dodged            |    83 |   136 |   217 |   282 ||   718
       Repelled          |       |       |       |     2 ||     2
Block: Other             |       |    14 |   112 |   362 ||   488
       Reflection        |       |       |     2 |    25 ||    27

Table legend: (Time is in decaauts)
 A = Elapsed time spent in this place.
 B = Non-inter-level travel time spent in this place.
 C = Inter-level travel time spent in this place.
 D = Time resting spent in this place.
 E = Time spent auto-exploring this place.
 F = Levels seen in this place.
 G = Mean time per level.
                   A        B        C        D        E       F      G
               +--------+--------+--------+--------+--------+-----+--------+
         Total |  14045 |  13464 |    581 |    225 |  10740 |  14 | 1003.2 |
       Dungeon |  13954 |  13389 |    565 |    225 |  10701 |  13 | 1073.4 |
        Temple |     90 |     74 |     16 |      0 |     39 |   1 |   90.0 |
               +--------+--------+--------+--------+--------+-----+--------+

Top non-repeatable levels by time:
     D:5: 1911 daAuts
     D:8: 1335 daAuts
     D:9: 1290 daAuts
     D:2: 1217 daAuts
     D:1: 1207 daAuts
     D:4: 1150 daAuts
    D:12: 1122 daAuts
     D:7: 1092 daAuts
     D:3: 974 daAuts
    D:11: 887 daAuts
     D:6: 810 daAuts
    D:10: 781 daAuts
    D:13: 173 daAuts
  Temple: 90 daAuts
